Tampa Bay Lightning vs San Jose Sharks
Created - Sunday, April 30, 2023 at 07:01
Goals
|
| Tampa Bay Lightning |
0 |
2 |
0 |
0 |
2 |
| San Jose Sharks |
1 |
0 |
1 |
1 |
3 |
|
Shots
|
| Tampa Bay Lightning |
13 |
7 |
7 |
0 |
27 |
| San Jose Sharks |
6 |
6 |
8 |
1 |
21 |
|
1st period
1. San Jose Sharks , Ryan Hartman 17 (Derek Forbort 13, Oliver Bjorkstrand 20) at 13:23
Penalties :
Derek Forbort (SJS) for Holding Stick (Minor) at 10:44, Joel Edmundson (SJS) for Hooking (Minor) at 15:24, Derek Forbort (SJS) for Holding (Minor) at 18:35
2nd period
2. Tampa Bay Lightning , Darnell Nurse 3 (Tomas Hertl 16) at 0:10 (PP)
3. Tampa Bay Lightning , Alexander Kerfoot 2 (Ivan Barbashev 2, Lars Eller 6) at 12:01
Penalties :
Michael Bunting (SJS) for Hooking (Minor) at 1:30, Jacob Middleton (SJS) for Hooking (Minor) at 13:40, Ryan Hartman (SJS) for Tripping (Minor) at 17:37
3rd period
4. San Jose Sharks , Rem Pitlick 4 (Mike Hoffman 18, Sonny Milano 6) at 15:24
Penalties :
Anthony DeAngelo (SJS) for Fighting (Major) at 0:05, Gabriel Landeskog (TBL) for Fighting (Major) at 0:05, Moritz Seider (TBL) for Tripping (Minor) at 15:34
Overtime #1
5. San Jose Sharks , Jakob Silfverberg 11 (Oliver Bjorkstrand 21, Derek Forbort 14) at 0:34
Penalties :
No Penalty
Goalie Stats
Darcy Kuemper (TBL), 18 saves from 21 shots - (0.857), OTL, 12-8-2, 60:34 minutes
Marc-Andre Fleury (SJS), 25 saves from 27 shots - (0.926), W, 11-13-1, 60:34 minutes
Players Stats for Tampa Bay Lightning
Player Name G A P +/- PIM S H SB GA TA FO MP PP MP PK MP
------------------------------------------------------------------------------------
Alexander Kerfoot 1 0 1 1 0 3 2 0 1 1 0/0 8:48 0:00 0:00
Alexander Romanov 0 0 0 -1 0 0 1 0 0 0 0/0 15:29 0:02 1:17
Anze Kopitar 0 0 0 -2 0 0 2 0 0 1 10/15 20:13 4:30 1:00
Christian Dvorak 0 0 0 -1 0 3 2 0 0 1 0/1 11:55 0:00 0:23
Connor Brown 0 0 0 0 0 0 1 0 0 0 0/1 13:24 0:05 0:23
Darnell Nurse 1 0 1 0 0 3 1 2 0 0 0/0 16:39 6:31 0:00
Dylan Cozens 0 0 0 -1 0 0 1 0 0 0 0/0 13:22 0:10 0:10
Gabriel Landeskog 0 0 0 -2 5 3 1 0 0 0 1/1 17:32 4:30 0:00
Hampus Lindholm 0 0 0 -1 0 0 1 0 0 2 0/0 20:34 3:37 0:42
Ivan Barbashev 0 1 1 1 0 3 2 0 1 0 0/0 9:37 0:10 0:00
Johnny Gaudreau 0 0 0 0 0 1 1 1 0 0 1/1 19:27 6:50 0:00
Kirill Kaprizov 0 0 0 -1 0 4 1 0 2 0 0/1 21:21 6:50 0:36
Lars Eller 0 1 1 1 0 1 2 0 0 1 1/2 9:14 0:00 0:26
Moritz Seider 0 0 0 -1 2 2 0 4 0 1 0/0 25:22 7:53 0:00
Roope Hintz 0 0 0 -1 0 2 2 1 0 0 4/10 14:45 4:30 0:00
Ryan Graves 0 0 0 0 0 0 1 0 0 3 0/0 20:23 3:37 0:55
Tomas Hertl 0 1 1 0 0 2 1 0 0 0 13/25 20:14 6:55 1:00
Vladislav Gavrikov 0 0 0 -1 0 0 2 1 0 1 0/0 21:56 1:20 1:04
Players Stats for San Jose Sharks
Player Name G A P +/- PIM S H SB GA TA FO MP PP MP PK MP
------------------------------------------------------------------------------------
Andreas Athanasiou 0 0 0 0 0 0 0 1 2 0 7/18 16:56 0:00 5:31
Anthony DeAngelo 0 0 0 1 5 2 1 0 0 0 0/0 22:06 1:04 7:01
David Savard 0 0 0 0 0 1 1 2 0 1 0/0 19:26 0:00 2:35
Derek Forbort 0 2 2 1 4 2 3 0 0 0 0/0 22:21 0:55 3:41
Henri Jokiharju 0 0 0 1 0 0 0 1 0 1 0/0 17:01 0:55 0:36
Jacob Middleton 0 0 0 0 2 0 4 0 0 0 0/0 19:07 0:00 4:50
Jakob Silfverberg 1 0 1 1 0 2 3 0 2 0 0/0 14:26 0:57 0:00
Jesper Fast 0 0 0 0 0 1 1 2 0 0 0/1 17:15 0:00 5:38
Joel Edmundson 0 0 0 1 2 0 1 2 0 0 0/0 21:12 1:04 4:17
Michael Bunting 0 0 0 0 2 4 0 2 0 0 0/2 13:29 0:57 0:00
Mike Hoffman 0 1 1 1 0 2 0 0 0 0 0/0 7:26 0:00 0:00
Nick Paul 0 0 0 0 0 0 3 0 0 0 5/8 14:38 0:57 0:22
Oliver Bjorkstrand 0 2 2 1 0 1 2 0 1 0 1/1 15:51 1:02 0:18
Rem Pitlick 1 0 1 1 0 2 0 1 1 1 3/10 13:04 0:00 5:38
Ryan Hartman 1 0 1 0 2 1 1 0 1 0 10/16 15:35 1:02 0:00
Sonny Milano 0 1 1 1 0 0 0 0 1 1 0/0 8:00 0:00 0:00
Tanner Pearson 0 0 0 0 0 2 1 0 2 0 0/0 17:33 0:00 5:33
William Karlsson 0 0 0 0 0 1 1 0 1 0 1/1 15:13 1:02 0:00
3 Stars
1 - Jakob Silfverberg (SJS)
2 - Oliver Bjorkstrand (SJS)
3 - Rem Pitlick (SJS)
Power Play
Tampa Bay Lightning - 1 on 6 Attempt(s) - 16.67%
San Jose Sharks - 0 on 1 Attempt(s) - 0.00%
Penalty Kill
Tampa Bay Lightning - 1 on 1 Attempt(s) - 100.00%
- Score 0 goal in Penalty Kill
San Jose Sharks - 5 on 6 Attempt(s) - 83.33%
- Score 0 goal in Penalty Kill
Team Stat
Tampa Bay Lightning - Hits : 24 - Faceoff Wins : 30 - Blocked Shots : 9 - Penalty Minutes : 7
San Jose Sharks - Hits : 22 - Faceoff Wins : 27 - Blocked Shots : 11 - Penalty Minutes : 17
Official
Referees : Frederick L'Ecuyer and Garrett Rank
Linesman : Kiel Murchison and Tim Nowak
Game Notes
Darnell Nurse is injured at 17:15 of 2nd period (Right Knee)
Anthony DeAngelo and Gabriel Landeskog fight to a draw at 0:05 of 3rd period
Finance
Level 1 -- Attendance: 6000 (100.00%) -- Ticket Income $582,000
Level 2 -- Attendance: 4990 (99.80%) -- Ticket Income $284,430
Level 3 -- Attendance: 2602 (86.73%) -- Ticket Income $85,866
Level 4 -- Attendance: 4338 (86.76%) -- Ticket Income $95,436
Luxury Box -- Attendance: 854 (85.40%) -- Ticket Income $164,822
Game was played at the SAP Center at San Jose.
Total Attendance: 18784 (93.92%)
Total Ticket Income: $1,212,554
Other Income: $424,394
Total Income: $1,636,948
Tampa Bay Lightning
5 vs 5 Forward
Center Left Wing Right Wing Time % Phy DF OF
1 Anze Kopitar Gabriel Landeskog Kirill Kaprizov 35 1 2 2
2 Tomas Hertl Johnny Gaudreau Connor Brown 32 1 2 2
3 Roope Hintz Christian Dvorak Dylan Cozens 28 1 2 2
4 Lars Eller Alexander Kerfoot Ivan Barbashev 5 1 2 2
5 vs 5 Defense
Defense Defense Time % Phy DF OF
1 Darnell Nurse Vladislav Gavrikov 40 1 2 2
2 Moritz Seider Ryan Graves 35 1 2 2
3 Hampus Lindholm Alexander Romanov 25 1 2 2
4 Darnell Nurse Vladislav Gavrikov 0 1 2 2
PowerPlay Forward
Center Left Wing Right Wing Time % Phy DF OF
1 Tomas Hertl Johnny Gaudreau Kirill Kaprizov 60 1 2 2
2 Anze Kopitar Roope Hintz Gabriel Landeskog 40 1 2 2
PowerPlay Defense
Defense Defense Time % Phy DF OF
1 Moritz Seider Darnell Nurse 60 1 2 2
2 Hampus Lindholm Ryan Graves 40 1 2 2
Penalty Kill 4 Players Forward
Center Wing Time % Phy DF OF
1 Anze Kopitar Tomas Hertl 60 1 2 2
2 Christian Dvorak Connor Brown 40 1 2 2
Penalty Kill 4 Players Defense
Defense Defense Time % Phy DF OF
1 Alexander Romanov Vladislav Gavrikov 60 1 2 2
2 Ryan Graves Darnell Nurse 40 1 2 2
Penalty Kill - 3 Players Forward
Forward Time % Phy DF OF
1 Tomas Hertl 60 1 2 2
2 Anze Kopitar 40 1 2 2
Penalty Kill - 3 Players Defense
Defense Defense Time % Phy DF OF
1 Alexander Romanov Vladislav Gavrikov 60 1 2 2
2 Ryan Graves Darnell Nurse 40 1 2 2
4 vs 4 Forward
Center Wing Time % Phy DF OF
1 Anze Kopitar Gabriel Landeskog 60 1 2 2
2 Tomas Hertl Connor Brown 40 1 2 2
4 vs 4 Defense
Defense Defense Time % Phy DF OF
1 Darnell Nurse Vladislav Gavrikov 60 1 2 2
2 Moritz Seider Ryan Graves 40 1 2 2
Last Minutes Offensive
Center Left Wing Right Wing Defense Defense
Anze Kopitar Gabriel Landeskog Kirill Kaprizov Darnell Nurse Moritz Seider
Last Minutes Defensive
Center Left Wing Right Wing Defense Defense
Anze Kopitar Tomas Hertl Connor Brown Darnell Nurse Vladislav Gavrikov
Goaltenders
Starting : Darcy Kuemper
Backup : Jeremy Swayman
Extra Forwards
Normal : Kirill Kaprizov, Gabriel Landeskog, Dylan Cozens - PP : Dylan Cozens, Ivan Barbashev - PK : Lars Eller
Extra Defensemen
Normal : Moritz Seider, Darnell Nurse, Hampus Lindholm - PP : Vladislav Gavrikov - PK : Moritz Seider, Hampus Lindholm
Penalty Shots
Christian Dvorak, Anze Kopitar, Kirill Kaprizov, Johnny Gaudreau, Alexander Kerfoot
San Jose Sharks
5 vs 5 Forward
Center Left Wing Right Wing Time % Phy DF OF
1 Ryan Hartman William Karlsson Oliver Bjorkstrand 30 1 2 2
2 Nick Paul Michael Bunting Jakob Silfverberg 30 1 2 2
3 Andreas Athanasiou Tanner Pearson Jesper Fast 25 1 2 2
4 Rem Pitlick Sonny Milano Mike Hoffman 15 1 2 2
5 vs 5 Defense
Defense Defense Time % Phy DF OF
1 David Savard Derek Forbort 35 1 2 2
2 Anthony DeAngelo Joel Edmundson 35 1 2 2
3 Henri Jokiharju Jacob Middleton 30 1 2 2
4 David Savard Derek Forbort 0 1 2 2
PowerPlay Forward
Center Left Wing Right Wing Time % Phy DF OF
1 Ryan Hartman William Karlsson Oliver Bjorkstrand 50 1 2 2
2 Nick Paul Michael Bunting Jakob Silfverberg 50 1 2 2
PowerPlay Defense
Defense Defense Time % Phy DF OF
1 Henri Jokiharju Derek Forbort 50 1 2 2
2 Anthony DeAngelo Joel Edmundson 50 1 2 2
Penalty Kill 4 Players Forward
Center Wing Time % Phy DF OF
1 Rem Pitlick Jesper Fast 50 1 2 2
2 Andreas Athanasiou Tanner Pearson 50 1 2 2
Penalty Kill 4 Players Defense
Defense Defense Time % Phy DF OF
1 Jacob Middleton Derek Forbort 50 1 2 2
2 Anthony DeAngelo Joel Edmundson 50 1 2 2
Penalty Kill - 3 Players Forward
Forward Time % Phy DF OF
1 Jesper Fast 50 1 2 2
2 Tanner Pearson 50 1 2 2
Penalty Kill - 3 Players Defense
Defense Defense Time % Phy DF OF
1 Henri Jokiharju Derek Forbort 50 1 2 2
2 Anthony DeAngelo Joel Edmundson 50 1 2 2
4 vs 4 Forward
Center Wing Time % Phy DF OF
1 Ryan Hartman William Karlsson 50 1 2 2
2 Oliver Bjorkstrand Jakob Silfverberg 50 1 2 2
4 vs 4 Defense
Defense Defense Time % Phy DF OF
1 David Savard Derek Forbort 50 1 2 2
2 Anthony DeAngelo Joel Edmundson 50 1 2 2
Last Minutes Offensive
Center Left Wing Right Wing Defense Defense
Ryan Hartman William Karlsson Oliver Bjorkstrand Anthony DeAngelo Derek Forbort
Last Minutes Defensive
Center Left Wing Right Wing Defense Defense
Rem Pitlick Tanner Pearson Jesper Fast Anthony DeAngelo Derek Forbort
Goaltenders
Starting : Marc-Andre Fleury
Backup : Malcolm Subban
Extra Forwards
Normal : Sonny Milano, Jesper Fast, Tanner Pearson - PP : Sonny Milano, Jesper Fast - PK : Tanner Pearson
Extra Defensemen
Normal : Henri Jokiharju, Jacob Middleton, Anthony DeAngelo - PP : Henri Jokiharju - PK : Jacob Middleton, Anthony DeAngelo
Penalty Shots
Ryan Hartman, William Karlsson, Oliver Bjorkstrand, Jakob Silfverberg, Nick Paul
% Time on Ice - Tampa Bay Lightning
Lines # - Real PCT - Wanted PCT - Time Play
Normal Forward
1 - 32% - 35% - 14:53
2 - 28% - 32% - 13:02
3 - 22% - 28% - 10:07
4 - 18% - 5% - 8:29
Normal Defense
1 - 45% - 40% - 20:49
2 - 31% - 35% - 14:15
3 - 25% - 25% - 11:27
4 - 0% - 0% - 0:00
PP Forward
1 - 61% - 60% - 7:00
2 - 39% - 40% - 4:30
PP Defense
1 - 69% - 60% - 7:53
2 - 31% - 40% - 3:37
PK Forward
1 - 81% - 60% - 1:36
2 - 19% - 40% - 0:23
PK Defense
1 - 54% - 60% - 1:04
2 - 46% - 40% - 0:55
PK3 Forward
1 - 0% - 60%
2 - 0% - 40%
PK3 Defense
1 - 0% - 60%
2 - 0% - 40%
44 Forward
1 - 100% - 60% - 0:34
2 - 0% - 40% - 0:00
44 Defense
1 - 100% - 60% - 0:34
2 - 0% - 40% - 0:00
Last Minute Offensive - 0:00
Last Minute Defensive - 0:00
Total
Forward - 60:34
Defense - 60:34
|
% Time on Ice - San Jose Sharks
Lines # - Real PCT - Wanted PCT - Time Play
Normal Forward
1 - 31% - 30% - 14:28
2 - 29% - 30% - 13:41
3 - 24% - 25% - 10:56
4 - 16% - 15% - 7:26
Normal Defense
1 - 34% - 35% - 15:57
2 - 35% - 35% - 16:30
3 - 30% - 30% - 13:51
4 - 0% - 0% - 0:13
PP Forward
1 - 52% - 50% - 1:02
2 - 48% - 50% - 0:57
PP Defense
1 - 46% - 50% - 0:55
2 - 54% - 50% - 1:04
PK Forward
1 - 50% - 50% - 5:45
2 - 50% - 50% - 5:45
PK Defense
1 - 51% - 50% - 5:50
2 - 49% - 50% - 5:40
PK3 Forward
1 - 0% - 50%
2 - 0% - 50%
PK3 Defense
1 - 0% - 50%
2 - 0% - 50%
44 Forward
1 - 59% - 50% - 0:20
2 - 41% - 50% - 0:14
44 Defense
1 - 100% - 50% - 0:34
2 - 0% - 50% - 0:00
Last Minute Offensive - 0:00
Last Minute Defensive - 0:00
Total
Forward - 60:34
Defense - 60:34
|
Play-by-Play
1st period
0:01 of 1st period - Anze Kopitar wins face-off versus Ryan Hartman in neutral zone.
0:48 of 1st period - Connor Brown is hit by Joel Edmundson and loses puck.
0:55 of 1st period - Slapshot by Jakob Silfverberg.
0:55 of 1st period - Shot Misses the Net.
1:19 of 1st period - Snap shot by Christian Dvorak.
1:19 of 1st period - Stopped by Marc-Andre Fleury without a rebound.
1:20 of 1st period - Roope Hintz wins face-off versus Ryan Hartman in San Jose Sharks zone.
1:31 of 1st period - Wrist shot by Roope Hintz.
1:31 of 1st period - Stopped by Marc-Andre Fleury with a rebound.
1:51 of 1st period - Snap shot by Michael Bunting.
1:51 of 1st period - Shot Misses the Net.
1:53 of 1st period - Slapshot by Derek Forbort.
1:53 of 1st period - Stopped by Darcy Kuemper without a rebound.
1:54 of 1st period - Andreas Athanasiou wins face-off versus Lars Eller in Tampa Bay Lightning zone.
2:42 of 1st period - Ryan Graves is hit by Nick Paul and loses puck.
3:49 of 1st period - David Savard is hit by Ryan Graves and loses puck.
4:06 of 1st period - Connor Brown is hit by Derek Forbort and loses puck.
4:27 of 1st period - Snap shot by Michael Bunting.
4:27 of 1st period - Stopped by Darcy Kuemper without a rebound.
4:28 of 1st period - Gabriel Landeskog wins face-off versus Nick Paul in Tampa Bay Lightning zone.
5:43 of 1st period - Snap shot by Michael Bunting.
5:43 of 1st period - Stopped by Darcy Kuemper without a rebound.
5:44 of 1st period - Ryan Hartman wins face-off versus Roope Hintz in Tampa Bay Lightning zone.
5:49 of 1st period - Snap shot by William Karlsson.
5:49 of 1st period - Shot Blocked by Darnell Nurse.
6:09 of 1st period - Tomas Hertl is hit by Jesper Fast and loses puck.
6:56 of 1st period - Christian Dvorak is hit by William Karlsson and loses puck.
7:27 of 1st period - Slapshot by Lars Eller.
7:27 of 1st period - Stopped by Marc-Andre Fleury with a rebound.
8:20 of 1st period - Icing by Kirill Kaprizov.
8:21 of 1st period - Rem Pitlick wins face-off versus Roope Hintz in Tampa Bay Lightning zone.
8:50 of 1st period - Snap shot by Johnny Gaudreau.
8:50 of 1st period - Shot Blocked by Joel Edmundson.
9:28 of 1st period - Lars Eller is hit by Jakob Silfverberg and loses puck.
9:48 of 1st period - Icing by Alexander Romanov.
9:49 of 1st period - Roope Hintz wins face-off versus Rem Pitlick in Tampa Bay Lightning zone.
10:39 of 1st period - Slapshot by Kirill Kaprizov.
10:39 of 1st period - Shot Blocked by Jesper Fast.
10:41 of 1st period - Snap shot by Gabriel Landeskog.
10:41 of 1st period - Stopped by Marc-Andre Fleury without a rebound.
10:42 of 1st period - Nick Paul wins face-off versus Anze Kopitar in San Jose Sharks zone.
10:44 of 1st period - Minor Penalty to Derek Forbort for Holding Stick.
10:45 of 1st period - Tomas Hertl wins face-off versus Rem Pitlick in San Jose Sharks zone.
10:51 of 1st period - Snap shot by Kirill Kaprizov.
10:51 of 1st period - Shot Blocked by Jesper Fast.
10:53 of 1st period - Snap shot by Darnell Nurse.
10:53 of 1st period - Deflect By Rem Pitlick.
10:53 of 1st period - Stopped by Marc-Andre Fleury with a rebound.
10:55 of 1st period - Wrist shot by Darnell Nurse.
10:55 of 1st period - Shot Blocked by Rem Pitlick.
11:24 of 1st period - Jacob Middleton is hit by Roope Hintz and loses puck.
12:44 of 1st period - Penalty to Derek Forbort is over, Derek Forbort is back on ice.
13:21 of 1st period - Slapshot by Oliver Bjorkstrand.
13:21 of 1st period - Stopped by Darcy Kuemper with a rebound.
13:23 of 1st period - Slapshot by Derek Forbort.
13:23 of 1st period - Deflect By Ryan Hartman.
13:23 of 1st period - Goal by Ryan Hartman - Tampa Bay Lightning : 0 - San Jose Sharks : 1.
13:24 of 1st period - Anze Kopitar wins face-off versus Andreas Athanasiou in neutral zone.
14:00 of 1st period - Off-side.
14:01 of 1st period - Tomas Hertl wins face-off versus Michael Bunting in neutral zone.
14:47 of 1st period - Icing by Tanner Pearson.
14:48 of 1st period - Andreas Athanasiou wins face-off versus Christian Dvorak in San Jose Sharks zone.
14:57 of 1st period - Wrist shot by Tanner Pearson.
14:57 of 1st period - Shot Misses the Net.
15:01 of 1st period - Snap shot by Tanner Pearson.
15:01 of 1st period - Stopped by Darcy Kuemper without a rebound.
15:02 of 1st period - Ryan Hartman wins face-off versus Tomas Hertl in Tampa Bay Lightning zone.
15:24 of 1st period - Minor Penalty to Joel Edmundson for Hooking.
15:25 of 1st period - Tomas Hertl wins face-off versus Andreas Athanasiou in San Jose Sharks zone.
15:52 of 1st period - Roope Hintz is hit by Jacob Middleton and loses puck.
16:01 of 1st period - Wrist shot by Jesper Fast.
16:01 of 1st period - Shot Misses the Net.
16:03 of 1st period - Wrist shot by Rem Pitlick.
16:03 of 1st period - Shot Blocked by Moritz Seider.
16:05 of 1st period - Slapshot by Jacob Middleton.
16:05 of 1st period - Shot Blocked by Roope Hintz.
17:24 of 1st period - Penalty to Joel Edmundson is over, Joel Edmundson is back on ice.
18:10 of 1st period - Icing by Oliver Bjorkstrand.
18:11 of 1st period - Anze Kopitar wins face-off versus Nick Paul in San Jose Sharks zone.
18:12 of 1st period - Snap shot by Gabriel Landeskog.
18:12 of 1st period - Stopped by Marc-Andre Fleury with a rebound.
18:14 of 1st period - Snap shot by Moritz Seider.
18:14 of 1st period - Deflect By Anthony DeAngelo.
18:14 of 1st period - Stopped by Marc-Andre Fleury with a rebound.
18:16 of 1st period - Wrist shot by Moritz Seider.
18:16 of 1st period - Shot Blocked by Michael Bunting.
18:18 of 1st period - Slapshot by Kirill Kaprizov.
18:18 of 1st period - Stopped by Marc-Andre Fleury without a rebound.
18:19 of 1st period - Andreas Athanasiou wins face-off versus Connor Brown in San Jose Sharks zone.
18:28 of 1st period - Snap shot by Connor Brown.
18:28 of 1st period - Shot Misses the Net.
18:30 of 1st period - Slapshot by Moritz Seider.
18:30 of 1st period - Shot Misses the Net.
18:35 of 1st period - Minor Penalty to Derek Forbort for Holding.
18:36 of 1st period - Tomas Hertl wins face-off versus Rem Pitlick in San Jose Sharks zone.
18:40 of 1st period - Wrist shot by Kirill Kaprizov.
18:40 of 1st period - Shot Misses the Net.
18:42 of 1st period - Slapshot by Moritz Seider.
18:42 of 1st period - Stopped by Marc-Andre Fleury with a rebound.
18:44 of 1st period - Wrist shot by Kirill Kaprizov.
18:44 of 1st period - Stopped by Marc-Andre Fleury without a rebound.
18:45 of 1st period - Tomas Hertl wins face-off versus Rem Pitlick in San Jose Sharks zone.
18:50 of 1st period - Slapshot by Johnny Gaudreau.
18:50 of 1st period - Stopped by Marc-Andre Fleury without a rebound.
18:51 of 1st period - Tomas Hertl wins face-off versus Andreas Athanasiou in San Jose Sharks zone.
18:52 of 1st period - Wrist shot by Kirill Kaprizov.
18:52 of 1st period - Stopped by Marc-Andre Fleury with a rebound.
18:54 of 1st period - Snap shot by Kirill Kaprizov.
18:54 of 1st period - Shot Blocked by Andreas Athanasiou.
18:56 of 1st period - Slapshot by Moritz Seider.
18:56 of 1st period - Shot Misses the Net.
18:58 of 1st period - Slapshot by Darnell Nurse.
18:58 of 1st period - Stopped by Marc-Andre Fleury without a rebound.
18:59 of 1st period - Tomas Hertl wins face-off versus Andreas Athanasiou in San Jose Sharks zone.
19:53 of 1st period - Icing by Kirill Kaprizov.
19:54 of 1st period - Tomas Hertl wins face-off versus Andreas Athanasiou in Tampa Bay Lightning zone.
19:59 of 1st period - Wrist shot by Tomas Hertl.
19:59 of 1st period - Shot Misses the Net.
Goals for this period are 0 for Tampa Bay Lightning vs 1 for San Jose Sharks.
Shots for this period are 13 for Tampa Bay Lightning vs 6 for San Jose Sharks.
2nd period
0:01 of 2nd period - Rem Pitlick wins face-off versus Kirill Kaprizov in neutral zone.
0:04 of 2nd period - Slapshot by Anthony DeAngelo.
0:04 of 2nd period - Stopped by Darcy Kuemper without a rebound.
0:05 of 2nd period - Tomas Hertl wins face-off versus Rem Pitlick in Tampa Bay Lightning zone.
0:10 of 2nd period - Slapshot by Darnell Nurse.
0:10 of 2nd period - Goal by Darnell Nurse - Tampa Bay Lightning : 1 - San Jose Sharks : 1.
0:11 of 2nd period - Anze Kopitar wins face-off versus Ryan Hartman in neutral zone.
0:20 of 2nd period - Kirill Kaprizov is hit by Ryan Hartman and loses puck.
0:37 of 2nd period - Darnell Nurse is hit by David Savard and loses puck.
0:46 of 2nd period - Wrist shot by Christian Dvorak.
0:46 of 2nd period - Shot Misses the Net.
0:48 of 2nd period - Snap shot by Christian Dvorak.
0:48 of 2nd period - Stopped by Marc-Andre Fleury without a rebound.
0:49 of 2nd period - Johnny Gaudreau wins face-off versus Andreas Athanasiou in San Jose Sharks zone.
0:56 of 2nd period - Wrist shot by Tanner Pearson.
0:56 of 2nd period - Shot Blocked by Johnny Gaudreau.
0:58 of 2nd period - Snap shot by Anthony DeAngelo.
0:58 of 2nd period - Stopped by Darcy Kuemper without a rebound.
0:59 of 2nd period - Tomas Hertl wins face-off versus Andreas Athanasiou in Tampa Bay Lightning zone.
1:06 of 2nd period - Wrist shot by Tomas Hertl.
1:06 of 2nd period - Stopped by Marc-Andre Fleury without a rebound.
1:07 of 2nd period - Anze Kopitar wins face-off versus Michael Bunting in San Jose Sharks zone.
1:18 of 2nd period - Wrist shot by Kirill Kaprizov.
1:18 of 2nd period - Shot Misses the Net.
1:24 of 2nd period - Slapshot by Gabriel Landeskog.
1:24 of 2nd period - Shot Misses the Net.
1:30 of 2nd period - Minor Penalty to Michael Bunting for Hooking.
1:31 of 2nd period - Rem Pitlick wins face-off versus Tomas Hertl in San Jose Sharks zone.
3:30 of 2nd period - Penalty to Michael Bunting is over, Michael Bunting is back on ice.
3:43 of 2nd period - Ryan Graves is hit by Derek Forbort and loses puck.
4:07 of 2nd period - Dylan Cozens is hit by Jacob Middleton and loses puck.
4:49 of 2nd period - Anze Kopitar is hit by Jakob Silfverberg and loses puck.
6:02 of 2nd period - Henri Jokiharju is hit by Darnell Nurse and loses puck.
6:11 of 2nd period - Roope Hintz is hit by Nick Paul.
6:21 of 2nd period - Backhand shot by Jakob Silfverberg.
6:21 of 2nd period - Shot Misses the Net.
6:23 of 2nd period - Wrist shot by Michael Bunting.
6:23 of 2nd period - Stopped by Darcy Kuemper without a rebound.
6:24 of 2nd period - Anze Kopitar wins face-off versus Andreas Athanasiou in Tampa Bay Lightning zone.
7:32 of 2nd period - Snap shot by Alexander Kerfoot.
7:32 of 2nd period - Shot Misses the Net.
7:34 of 2nd period - Snap shot by Ivan Barbashev.
7:34 of 2nd period - Shot Misses the Net.
7:52 of 2nd period - Snap shot by Gabriel Landeskog.
7:52 of 2nd period - Stopped by Marc-Andre Fleury without a rebound.
7:53 of 2nd period - Anze Kopitar wins face-off versus Ryan Hartman in San Jose Sharks zone.
8:10 of 2nd period - Wrist shot by Gabriel Landeskog.
8:10 of 2nd period - Shot Misses the Net.
9:49 of 2nd period - Off-side.
9:50 of 2nd period - Tomas Hertl wins face-off versus Andreas Athanasiou in neutral zone.
10:05 of 2nd period - Wrist shot by Tomas Hertl.
10:05 of 2nd period - Stopped by Marc-Andre Fleury with a rebound.
10:27 of 2nd period - Slapshot by Derek Forbort.
10:27 of 2nd period - Stopped by Darcy Kuemper without a rebound.
10:28 of 2nd period - Ryan Hartman wins face-off versus Tomas Hertl in Tampa Bay Lightning zone.
10:29 of 2nd period - Snap shot by Oliver Bjorkstrand.
10:29 of 2nd period - Shot Blocked by Vladislav Gavrikov.
11:59 of 2nd period - Snap shot by Ivan Barbashev.
11:59 of 2nd period - Shot Misses the Net.
12:01 of 2nd period - Wrist shot by Alexander Kerfoot.
12:01 of 2nd period - Goal by Alexander Kerfoot - Tampa Bay Lightning : 2 - San Jose Sharks : 1.
12:02 of 2nd period - Ryan Hartman wins face-off versus Tomas Hertl in neutral zone.
12:12 of 2nd period - Off-side.
12:13 of 2nd period - Nick Paul wins face-off versus Anze Kopitar in neutral zone.
12:18 of 2nd period - Wrist shot by Kirill Kaprizov.
12:18 of 2nd period - Shot Misses the Net.
12:38 of 2nd period - Darnell Nurse is hit by Anthony DeAngelo and loses puck.
12:51 of 2nd period - Jakob Silfverberg is hit by Gabriel Landeskog and loses puck.
13:07 of 2nd period - Off-side.
13:08 of 2nd period - Ryan Hartman wins face-off versus Tomas Hertl in neutral zone.
13:11 of 2nd period - Snap shot by William Karlsson.
13:11 of 2nd period - Stopped by Darcy Kuemper without a rebound.
13:12 of 2nd period - Ryan Hartman wins face-off versus Tomas Hertl in Tampa Bay Lightning zone.
13:15 of 2nd period - Snap shot by Oliver Bjorkstrand.
13:15 of 2nd period - Shot Misses the Net.
13:25 of 2nd period - Wrist shot by Connor Brown.
13:25 of 2nd period - Deflect By Tomas Hertl.
13:25 of 2nd period - Shot Misses the Net.
13:25 of 2nd period - Puck is out of play.
13:26 of 2nd period - Roope Hintz wins face-off versus Andreas Athanasiou in San Jose Sharks zone.
13:37 of 2nd period - Wrist shot by Roope Hintz.
13:37 of 2nd period - Deflect By Dylan Cozens.
13:37 of 2nd period - Shot Blocked by David Savard.
13:37 of 2nd period - Puck is out of play.
13:38 of 2nd period - Ryan Hartman wins face-off versus Tomas Hertl in San Jose Sharks zone.
13:40 of 2nd period - Minor Penalty to Jacob Middleton for Hooking.
13:41 of 2nd period - Tomas Hertl wins face-off versus Jesper Fast in San Jose Sharks zone.
15:03 of 2nd period - Anthony DeAngelo is hit by Johnny Gaudreau and loses puck.
15:14 of 2nd period - Moritz Seider is hit by Tanner Pearson and loses puck.
15:40 of 2nd period - Penalty to Jacob Middleton is over, Jacob Middleton is back on ice.
15:57 of 2nd period - William Karlsson is hit by Ivan Barbashev and loses puck.
16:20 of 2nd period - Ryan Graves is hit by Jakob Silfverberg and loses puck.
16:49 of 2nd period - Jesper Fast is hit by Lars Eller and loses puck.
17:07 of 2nd period - Icing by Alexander Romanov.
17:08 of 2nd period - Ryan Hartman wins face-off versus Tomas Hertl in Tampa Bay Lightning zone.
17:09 of 2nd period - Snap shot by Oliver Bjorkstrand.
17:09 of 2nd period - Shot Misses the Net.
17:15 of 2nd period - Wrist shot by Oliver Bjorkstrand.
17:15 of 2nd period - Shot Blocked by Darnell Nurse.
17:15 of 2nd period - Darnell Nurse from Tampa Bay Lightning is injured at 17:15 of 2nd period (Right Knee).
17:16 of 2nd period - William Karlsson wins face-off versus Roope Hintz in Tampa Bay Lightning zone.
17:37 of 2nd period - Minor Penalty to Ryan Hartman for Tripping.
17:38 of 2nd period - Tomas Hertl wins face-off versus Rem Pitlick in San Jose Sharks zone.
17:57 of 2nd period - Wrist shot by Tanner Pearson.
17:57 of 2nd period - Stopped by Darcy Kuemper without a rebound.
17:58 of 2nd period - Andreas Athanasiou wins face-off versus Anze Kopitar in Tampa Bay Lightning zone.
18:15 of 2nd period - Wrist shot by Roope Hintz.
18:15 of 2nd period - Stopped by Marc-Andre Fleury with a rebound.
18:25 of 2nd period - Vladislav Gavrikov is hit by Derek Forbort and loses puck.
19:16 of 2nd period - Andreas Athanasiou is hit by Vladislav Gavrikov and loses puck.
19:37 of 2nd period - Penalty to Ryan Hartman is over, Ryan Hartman is back on ice.
19:47 of 2nd period - Derek Forbort is hit by Alexander Kerfoot and loses puck.
Goals for this period are 2 for Tampa Bay Lightning vs 0 for San Jose Sharks.
Shots for this period are 7 for Tampa Bay Lightning vs 6 for San Jose Sharks.
3rd period
0:01 of 3rd period - Oliver Bjorkstrand wins face-off versus Anze Kopitar in neutral zone.
0:05 of 3rd period - Anthony DeAngelo and Gabriel Landeskog fight to a draw.
0:05 of 3rd period - Penalty to Anthony DeAngelo for Fighting.
0:05 of 3rd period - Penalty to Gabriel Landeskog for Fighting.
0:06 of 3rd period - Andreas Athanasiou wins face-off versus Tomas Hertl in neutral zone.
1:00 of 3rd period - Wrist shot by Michael Bunting.
1:00 of 3rd period - Stopped by Darcy Kuemper without a rebound.
1:01 of 3rd period - Nick Paul wins face-off versus Tomas Hertl in Tampa Bay Lightning zone.
1:06 of 3rd period - Slapshot by Michael Bunting.
1:06 of 3rd period - Shot Blocked by Moritz Seider.
1:08 of 3rd period - Slapshot by David Savard.
1:08 of 3rd period - Shot Misses the Net.
1:14 of 3rd period - Wrist shot by Michael Bunting.
1:14 of 3rd period - Shot Blocked by Moritz Seider.
1:16 of 3rd period - Slapshot by David Savard.
1:16 of 3rd period - Stopped by Darcy Kuemper without a rebound.
1:17 of 3rd period - Anze Kopitar wins face-off versus Andreas Athanasiou in Tampa Bay Lightning zone.
1:41 of 3rd period - Icing by Derek Forbort.
1:42 of 3rd period - Ryan Hartman wins face-off versus Tomas Hertl in San Jose Sharks zone.
2:08 of 3rd period - Jakob Silfverberg is hit by Roope Hintz and loses puck.
2:57 of 3rd period - Wrist shot by Mike Hoffman.
2:57 of 3rd period - Stopped by Darcy Kuemper with a rebound.
3:45 of 3rd period - Vladislav Gavrikov is hit by Nick Paul and loses puck.
4:27 of 3rd period - Snap shot by Tanner Pearson.
4:27 of 3rd period - Shot Misses the Net.
4:46 of 3rd period - Joel Edmundson is hit by Christian Dvorak and loses puck.
4:57 of 3rd period - William Karlsson is hit by Anze Kopitar and loses puck.
5:20 of 3rd period - William Karlsson is hit by Alexander Romanov and loses puck.
5:42 of 3rd period - Andreas Athanasiou is hit by Alexander Kerfoot and loses puck.
6:00 of 3rd period - Hampus Lindholm is hit by Jacob Middleton and loses puck.
6:12 of 3rd period - Off-side.
6:13 of 3rd period - Nick Paul wins face-off versus Tomas Hertl in neutral zone.
6:21 of 3rd period - Wrist shot by Tomas Hertl.
6:21 of 3rd period - Shot Misses the Net.
6:29 of 3rd period - Snap shot by Tomas Hertl.
6:29 of 3rd period - Shot Misses the Net.
6:49 of 3rd period - Slapshot by Henri Jokiharju.
6:49 of 3rd period - Shot Misses the Net.
7:35 of 3rd period - Henri Jokiharju is hit by Anze Kopitar and loses puck.
8:11 of 3rd period - Tanner Pearson is hit by Dylan Cozens and loses puck.
8:32 of 3rd period - Sonny Milano is hit by Ivan Barbashev and loses puck.
8:37 of 3rd period - Backhand shot by Ivan Barbashev.
8:37 of 3rd period - Stopped by Marc-Andre Fleury with a rebound.
8:45 of 3rd period - Snap shot by Ivan Barbashev.
8:45 of 3rd period - Stopped by Marc-Andre Fleury with a rebound.
9:04 of 3rd period - Derek Forbort is hit by Connor Brown and loses puck.
9:21 of 3rd period - Snap shot by Jakob Silfverberg.
9:21 of 3rd period - Stopped by Darcy Kuemper with a rebound.
9:23 of 3rd period - Slapshot by Derek Forbort.
9:23 of 3rd period - Shot Hit the Post.
9:57 of 3rd period - Connor Brown is hit by Oliver Bjorkstrand and loses puck.
10:20 of 3rd period - Snap shot by Alexander Kerfoot.
10:20 of 3rd period - Stopped by Marc-Andre Fleury with a rebound.
10:22 of 3rd period - Backhand shot by Moritz Seider.
10:22 of 3rd period - Shot Blocked by Joel Edmundson.
10:24 of 3rd period - Snap shot by Alexander Kerfoot.
10:24 of 3rd period - Stopped by Marc-Andre Fleury without a rebound.
10:25 of 3rd period - Lars Eller wins face-off versus Rem Pitlick in San Jose Sharks zone.
11:05 of 3rd period - Mike Hoffman is hit by Lars Eller and loses puck.
11:10 of 3rd period - Snap shot by Ivan Barbashev.
11:10 of 3rd period - Stopped by Marc-Andre Fleury without a rebound.
11:11 of 3rd period - Nick Paul wins face-off versus Roope Hintz in San Jose Sharks zone.
11:28 of 3rd period - Jakob Silfverberg is hit by Christian Dvorak.
11:46 of 3rd period - Snap shot by Jesper Fast.
11:46 of 3rd period - Stopped by Darcy Kuemper without a rebound.
11:47 of 3rd period - Ryan Hartman wins face-off versus Anze Kopitar in Tampa Bay Lightning zone.
11:56 of 3rd period - Wrist shot by Ryan Hartman.
11:56 of 3rd period - Shot Misses the Net.
13:02 of 3rd period - Snap shot by Mike Hoffman.
13:02 of 3rd period - Stopped by Darcy Kuemper with a rebound.
13:04 of 3rd period - Backhand shot by Rem Pitlick.
13:04 of 3rd period - Stopped by Darcy Kuemper with a rebound.
13:40 of 3rd period - Snap shot by Christian Dvorak.
13:40 of 3rd period - Stopped by Marc-Andre Fleury without a rebound.
13:41 of 3rd period - Roope Hintz wins face-off versus Nick Paul in San Jose Sharks zone.
13:42 of 3rd period - Slapshot by Dylan Cozens.
13:42 of 3rd period - Shot Blocked by Michael Bunting.
14:06 of 3rd period - Wrist shot by Anze Kopitar.
14:06 of 3rd period - Shot Misses the Net.
14:08 of 3rd period - Wrist shot by Kirill Kaprizov.
14:08 of 3rd period - Stopped by Marc-Andre Fleury with a rebound.
14:16 of 3rd period - Slapshot by Anze Kopitar.
14:16 of 3rd period - Shot Blocked by David Savard.
14:38 of 3rd period - Jacob Middleton is hit by Hampus Lindholm and loses puck.
15:22 of 3rd period - Snap shot by Mike Hoffman.
15:22 of 3rd period - Shot Blocked by Moritz Seider.
15:24 of 3rd period - Snap shot by Rem Pitlick.
15:24 of 3rd period - Goal by Rem Pitlick - Tampa Bay Lightning : 2 - San Jose Sharks : 2.
15:25 of 3rd period - Andreas Athanasiou wins face-off versus Roope Hintz in neutral zone.
15:27 of 3rd period - Off-side.
15:28 of 3rd period - Andreas Athanasiou wins face-off versus Roope Hintz in neutral zone.
15:34 of 3rd period - Minor Penalty to Moritz Seider for Tripping.
15:35 of 3rd period - Anze Kopitar wins face-off versus Ryan Hartman in Tampa Bay Lightning zone.
15:35 of 3rd period - Anze Kopitar is hit by Oliver Bjorkstrand.
17:03 of 3rd period - Henri Jokiharju is hit by Kirill Kaprizov and loses puck.
17:34 of 3rd period - Penalty to Moritz Seider is over, Moritz Seider is back on ice.
18:43 of 3rd period - Snap shot by Gabriel Landeskog.
18:43 of 3rd period - Shot Blocked by Henri Jokiharju.
18:49 of 3rd period - Dylan Cozens is hit by Jacob Middleton and loses puck.
19:00 of 3rd period - Oliver Bjorkstrand is hit by Tomas Hertl and loses puck.
19:55 of 3rd period - Jakob Silfverberg is hit by Vladislav Gavrikov and loses puck.
Goals for this period are 0 for Tampa Bay Lightning vs 1 for San Jose Sharks.
Shots for this period are 7 for Tampa Bay Lightning vs 8 for San Jose Sharks.
Overtime #1
0:01 of 1st overtime period - Anze Kopitar wins face-off versus Ryan Hartman in neutral zone.
0:06 of 1st overtime period - Slapshot by Anze Kopitar.
0:06 of 1st overtime period - Shot Misses the Net.
0:34 of 1st overtime period - Wrist shot by Jakob Silfverberg.
0:34 of 1st overtime period - Goal by Jakob Silfverberg - Tampa Bay Lightning : 2 - San Jose Sharks : 3.
Goals for this period are 0 for Tampa Bay Lightning vs 1 for San Jose Sharks.
Shots for this period are 0 for Tampa Bay Lightning vs 1 for San Jose Sharks.
Back to the Top